Monk Dude 2, lawful male human Monk --------------------------------- |......)........................| |.----....-----.----|--..----- | |.|..|---.|...|.-..|....)|(((| |.|..|..|.|._.|.|..|..|..|(.(| |.-|-|..|.|...-.----.---)|.@.| |....|..|.|...|....-...|.-|--- | |.{..-|--.----|....|.h.|)...@...| |..........-..|+--.-.-..@.----- | |....-|--..|..| |......h.-.@%| |.-+-|..|.----| |-|-.....|.%%| |.| |..|.-.*/|--|.%(|---.----- |.| |---.|.![|..|......+.. |.| |....|.[[|.........|... |.----....-----|.--------..... | |...............(.........@.....| --------------------------------- Monk Dude 2 the Initiate Experience level: 6 Strength: 18/01 Dexterity: 13 Constitution: 10 Intelligence: 12 Wisdom: 12 Charisma: 11 Health: 0(44) Energy: 29(29) Def: 8 Gold: 221 Moves: 1762 Dungeon seed: JbPlobhd4DGNbbye Game ID: Monk Dude 2_1554477862 Your Inventory: Coins $ - 221 gold pieces Armor e - an uncursed +2 pair of leather gloves (being worn) n - an uncursed +1 robe (being worn) q - an uncursed +0 pair of iron shoes (being worn) Comestibles d - 3 uncursed food rations f - 5 uncursed apples g - 5 uncursed oranges h - 3 uncursed fortune cookies Scrolls b - an uncursed scroll of gold detection s - 4 uncursed scrolls of blank paper Spellbooks a - a blessed spellbook of healing k - an uncursed spellbook of light Potions c - 3 uncursed potions of healing p - a cursed potion of fruit juice r - an uncursed potion of sickness Wands v - a wand of magic missile (0:5) Tools i - an uncursed oil lamp (lit) (0:179) o - a +0 pick-axe w - an uncursed oil lamp (0:1486) (weapon in hand) Spells and supernatural/magical abilities: Name Level Category Fail Memory h - healing 1 healing 0% 92% l - light 1 divination 0% 92% W - pray for help -- divine ? -- Your skills at the end: Fighting Skills martial arts [Basic] Weapon Skills Spellcasting Skills healing spells [Basic] Final Attributes: You were piously aligned. You were sleep resistant. You were poison resistant. You saw invisible. You were stealthy. You were fast. You are dead. Vanquished creatures: a gnome king a rock mole 2 gnome lords 4 gnomish wizards a paper golem 2 baby crocodiles a kitten 2 dwarves 2 rothes a brown mold 17 gnomes 5 garter snakes a gnome zombie 3 jackals a goblin a grid bug 2 bats 3 lichens a kobold zombie 4 newts 55 creatures vanquished. Voluntary challenges: You followed a strict vegan diet. You never hit with a wielded weapon. You read items or engraved 3 times, starting on turn 50. You never genocided any monsters. You never polymorphed an object. You never changed form. You used no wishes. You never split a pudding. You never wrote Elbereth's name. You never violated your personal moral code. Dungeon overview: The Dungeons of Doom: levels 1 to 3 Level 1 a long staircase Level 2 a potion shop, a fountain Level 3 stairs to The Gnomish Mines The Gnomish Mines: levels 4 to 6 Level 4 stairs to The Dungeons of Doom Level 5 Level 6 <- You were here some shops, a temple to Shan Lai Ching, a fountain History has recorded: On T:1 you entered the Dungeons of Doom to retrieve the Amulet of Yendor! On T:274 you reached level 2 of The Dungeons of Doom. On T:297 you advanced to experience level 2. On T:488 you reached level 3 of The Dungeons of Doom. On T:845 you reached level 1 of The Gnomish Mines. On T:853 you advanced to experience level 3. On T:884 you advanced to experience level 4. On T:955 you advanced to experience level 5. On T:1287 you reached level 2 of The Gnomish Mines. On T:1569 you reached level 3 of The Gnomish Mines. On T:1648 you advanced to experience level 6. Score breakdown: Gold: 221 ( 7981 points) Experience: 6 levels (12456 points) Exploration: 6 levels ( 11.32%) ( 9302 points) Discoveries: 9 items ( 3.23%) ( 5388 points) Valuables value: (no points given unless you survive) Artifact value: 0 ( 0 points) Variety of kills: 20 monsters ( 5.25%) ( 6873 points) Turncount: 1762 turns ( 0 points) Survival: died (score multiplied by 80%) Total score: 33600 Latest messages: Hello Monk Dude 2, the human Monk, welcome back to NetHack! Be careful! New moon tonight. You see here a dart. You see here a magic marker. The dwarf lord swings his broad pick. The dwarf lord hits! The dwarf lord swings his broad pick. The dwarf lord hits! You die... Trenggalek looks at your corpse and sighs. Final status: Goodbye Monk Dude 2 the Monk, killed by a dwarf lord... You died in The Gnomish Mines on dungeon level 6 with 33600 points, and 221 pieces of gold, after 1762 moves. You were level 6 with a maximum of 44 hit points when you died.